Cogmind - Beta 10.1 @@@ ROGUE MODE // 2021.06.20 @ 14:06:16 // Winter2019/RPGLIKE Player: Farfid Result: Destroyed by EX-DEC with AWS/EX-DEC Performance ------------- Evolutions (0) 0 Regions Visited (3) 600 Robots Destroyed (32) 160 Value Destroyed (648) 648 Prototype IDs (28) 560 Alien Tech Used (0) 0 Bonus (285) 285 TOTAL SCORE: 2253 Bonus ------- Aligned with FarCom 300 Friendly Fire -15 Cogmind --------- Core Integrity 0/1000 Matter 167/300 Energy 100/100 System Corruption 3% Temperature Cool (0) Movement Core (150) Ox2 Location -10/Exiles Parts ------- > --- POWER (1) -------- (None) > --- PROPULSION (2) --- (None) > --- UTILITY (2) ------ Targeting Computer Supersonic Drone Bay (1/1) > --- WEAPON (3) ------- Shotgun Shotgun > --- INVENTORY (2) ---- (None) Peak State ------------ > --- POWER ------------ Light Deuterium Engine > --- PROPULSION ------- Wheel Wheel > --- UTILITY ---------- Targeting Computer Targeting Computer > --- WEAPON ----------- Shotgun AWS/Gauss > --- INVENTORY -------- Protomatter Protomatter [Rating: 25] Favorites ----------- Power Light Deuterium Engine Engine Light Deuterium Engine Propulsion Wheel Wheel Wheel Utility Targeting Computer Device Supersonic Drone Bay Storage Medium Matter Pod Processor Targeting Computer Weapon Shotgun Ballistic Gun Shotgun Build | -11 -10 -10 -10 ------- Run | Scr Mat Min Exi Slots Evolved 4 | 3 . . 1 Power . | . . . . Propulsion 1 | 1 . . . Utility 1 | 1 . . . Weapon 2 | 1 . . 1 Parts Attached 15 | 5 3 3 4 Power 2 | 1 . 1 . Engine 2 | 1 . 1 . Core . | . . . . Reactor . | . . . . Propulsion 2 | 2 . . . Treads . | . . . . Leg . | . . . . Wheel 2 | 2 . . . Hover . | . . . . Flight . | . . . . Utility 4 | . 1 2 1 Device 1 | . . . 1 Storage 1 | . 1 . . Processor 2 | . . 2 . Hackware . | . . . . Protection . | . . . . Artifact . | . . . . Weapon 7 | 2 2 . 3 Energy Gun . | . . . . Energy Cannon . | . . . . Ballistic Gun 7 | 2 2 . 3 Ballistic Cannon . | . . . . Launcher . | . . . . Special Weapon . | . . . . Impact Weapon . | . . . . Slashing Weapon . | . . . . Piercing Weapon . | . . . . Special Melee Weapon . | . . . . Unidentified Prototypes . | . . . . Parts Lost 3 | . . . 3 Power 1 | . . . 1 Propulsion 2 | . . . 2 Utility . | . . . . Weapon . | . . . . Highest Loss Streak 3 | . . . 3 Average Slot Usage (%) 86 | . 72 95 87 Engine 13 | . 14 13 12 Wheel 26 | . 28 28 25 Device 1 | . . . 2 Storage 1 | . 1 4 . Processor 15 | . . 19 22 Ballistic Gun 26 | . 28 28 23 Naked Turns . | . . . . Heaviest Build 18 | 6 11 11 18 Greatest Support 20 | 20 20 20 20 Greatest Overweight (x) 1 | 1 . . . Average Overweight (x) . | . . . . Largest Inventory Capacity 2 | 1 1 2 2 Average Capacity 1 | 1 1 1 2 Most Carried 2 | . 1 2 2 Average Carried 1 | . . 1 1 Final Capacity 2 | 1 1 2 2 Final Carried 2 | . 1 2 . Class Distribution -------------------- 83% | Mutant 16% | Gunner Dominant Class ---------------- Mutant | -10/Materials Mutant | -10/Mines Mutant | -10/Exiles Resources | -11 -10 -10 -10 ----------- Run | Scr Mat Min Exi Matter Collected 848 | 250 264 230 104 Remotely . | . . . . Salvage Created 699 | . 346 270 83 Parts 59 | . 37 22 . Haulers Intercepted . | . . . . Recyclers Shooed 1 | . . 1 . Parts Field Recycled . | . . . . Retrieved Matter . | . . . . Parts Self-Destructed . | . . . . Prevented . | . . . . Kills | -11 -10 -10 -10 ------- Run | Scr Mat Min Exi Combat Hostiles Destroyed 27 | . 13 6 8 Guns 27 | . 13 6 8 Classes Destroyed 7 | . 2 4 1 Worker 1 | . . 1 . Builder 2 | . . 2 . Recycler 2 | . 1 1 . Swarmer 3 | . . 3 . Grunt 15 | . 13 2 . Sentry 1 | . . 1 . Assembled 7 | . . . 7 Best Kill Streak 7 | . 4 3 7 Combat Bots Only 7 | . 3 3 7 Max Kills in Single Turn 2 | . 2 2 2 Gunslinging 1 | . . 1 . Exploded . | . . . . Melee . | . . . . Uniques/NPCs Destroyed 1 | . . . 1 8R-AWN (-10/Exiles) Combat | -11 -10 -10 -10 -------- Run | Scr Mat Min Exi Damage Taken 2667 | . 427 225 2015 Core 2170 | . 342 184 1644 Absorbed by Shields . | . . . . Redirected to Core 1703 | . 273 129 1301 Core Remaining (%) 100 | 100 . . . Volleys Fired 101 | . 33 22 46 Largest 2 | . 2 2 2 Hottest 46 | . 46 46 46 Shots Fired 198 | . 66 44 88 Gun 198 | . 66 44 88 Cannon . | . . . . Launcher . | . . . . Special . | . . . . Kinetic 198 | . 66 44 88 Thermal . | . . . . Explosive . | . . . . Electromagnetic . | . . . . Robot Hit Streak 21 | . 10 21 12 Robot Miss Streak 4 | . 2 4 3 Penetration Max . | . . . . Secondary Targets 2 | . 1 1 . Max Gunslinging Chain 1 | . 1 1 . Autonomous 36 | . . . 36 Shots Hit Robots 166 | . 54 30 82 Core Hits 74 | . 31 18 25 Critical Hits 2 | . . 1 1 Critical Kills . | . . . . Critical Parts Destroyed 2 | . . 1 1 Melee Attacks . | . . . . Impact . | . . . . Slashing . | . . . . Piercing . | . . . . Sneak Attacks . | . . . . Combat Hostiles . | . . . . Follow-up Attacks . | . . . . Damage Inflicted 2721 | . 661 464 1596 Guns 2721 | . 661 464 1596 Cannons . | . . . . Explosions . | . . . . Melee . | . . . . Ramming . | . . . . Kinetic 2721 | . 661 464 1596 Thermal . | . . . . Explosive . | . . . . Electromagnetic . | . . . . Impact . | . . . . Slashing . | . . . . Piercing . | . . . . Highest Corruption 3 | . . . 3 Average Corruption 2 | . . . 2 Corruption Purged . | . . . . Overload Shots . | . . . . Overflow Damage . | . . . . Projectiles . | . . . . Explosions . | . . . . Melee . | . . . . Knockbacks . | . . . . Impact . | . . . . Kinetic . | . . . . Secondary . | . . . . Self-Inflicted Damage . | . . . . Shots . | . . . . Rammed . | . . . . Targets Rammed . | . . . . Kicked . | . . . . Crushed . | . . . . Highest Temperature 10 | . 10 4 6 Average Temperature 4 | . 3 4 6 Received Heat Transfer 355 | . 261 54 40 Siege Activations . | . . . . Robots Corrupted . | . . . . Combat Hostiles . | . . . . Parts Fried . | . . . . Impact Corruptions . | . . . . Robots Melted . | . . . . Combat Hostiles . | . . . . Parts Melted . | . . . . Heat Transferred . | . . . . Parts Sabotaged . | . . . . Parts Stolen . | . . . . Parts Stripped . | . . . . Power Chain Reactions . | . . . . Missiles Intercepted . | . . . . Alert | -11 -10 -10 -10 ------- Run | Scr Mat Min Exi Peak Influence 394 | . 394 184 . Initial 24 | . . 24 . Average 137 | . 209 92 . Maximum Alert Level 1 | . 1 . . Low Security (%) 75 | 100 40 100 . Level 1 24 | . 59 . . Level 2 . | . . . . Level 3 . | . . . . Level 4 . | . . . . Level 5 . | . . . . High Security . | . . . . Max Security . | . . . . Squads Dispatched 3 | . 3 . . Investigation 3 | . 3 . . Extermination . | . . . . Reinforcement . | . . . . Assault . | . . . . Garrison . | . . . . Intercept . | . . . . Construction Impeded . | . . . . Haulers Reinforced . | . . . . Stealth | -11 -10 -10 -10 --------- Run | Scr Mat Min Exi Distress Signals . | . . . . Communications Jammed . | . . . . Distress Signals . | . . . . Times Spotted 51 | . 19 9 23 Peak Tracking Total 9 | . 4 3 9 Tactical Retreats 2 | . . . 2 Traps | -11 -10 -10 -10 ------- Run | Scr Mat Min Exi Traps Triggered . | . . . . Indirectly . | . . . . Trap Hack Attempts . | . . . . Triggered . | . . . . Disarmed . | . . . . Reprogrammed 3 | . 3 . . Reused 1 | . 1 . . Traps Extracted . | . . . . Installed . | . . . . Triggered 1 | . 1 . . Machines | -11 -10 -10 -10 ---------- Run | Scr Mat Min Exi Machines Disabled 1 | . . . 1 Max in Single Turn 1 | . . . 1 Machines Sabotaged . | . . . . Garrisons Compromised . | . . . . Overloaded Fab Kills . | . . . . Fab Network Shutdowns . | . . . . Hacking | -11 -10 -10 -10 --------- Run | Scr Mat Min Exi Machines Accessed 7 | . 6 . 1 Terminals 6 | . 6 . . Fabricators . | . . . . Repair Stations . | . . . . Recycling Units . | . . . . Scanalyzers . | . . . . Garrison Access . | . . . . Total Hacks 24 | . 23 . 1 Successful 12 | . 11 . 1 Failed 11 | . 11 . . Catastrophic . | . . . . Database Lockouts 1 | . 1 . . Manual 7 | . 6 . 1 Terminals 23 | . 23 . . Fabricators . | . . . . Repair Stations . | . . . . Recycling Units . | . . . . Scanalyzers . | . . . . Garrison Access . | . . . . Terminal Hacks 11 | . 10 . 1 Prototype ID Bank 3 | . 3 . . Branch Access Points 1 | . 1 . . Emergency Access Points 1 | . 1 . . Unreport Threat 1 | . 1 . . Locate Traps 2 | . 2 . . Reprogram Traps 1 | . 1 . . Hauler Manifests 1 | . 1 . . EX-Prototype ID Bank 1 | . . . 1 Fabricator Hacks . | . . . . Repair Station Hacks . | . . . . Recycling Unit Hacks . | . . . . Scanalyzer . | . . . . Garrison Access Hacks . | . . . . Unauthorized Hacks 1 | . 1 . . Terminals 1 | . 1 . . Sabotage 1 | . 1 . . Fabricators . | . . . . Repair Stations . | . . . . Recycling Units . | . . . . Scanalyzers . | . . . . Garrison Access . | . . . . Data Cores Recovered . | . . . . Used . | . . . . Hacking Detections 6 | . 6 . . Full Trace Events 2 | . 2 . . Feedback Events . | . . . . Feedback Blocked . | . . . . Robot Schematics Acquired . | . . . . Robots Built . | . . . . Matter . | . . . . Time . | . . . . Total Robot Build Rating . | . . . . Part Schematics Acquired . | . . . . Parts Built . | . . . . Matter . | . . . . Time . | . . . . Total Part Build Rating . | . . . . Parts Repaired . | . . . . Time . | . . . . Parts Recycled . | . . . . Recycled Matter . | . . . . Retrieved Matter . | . . . . Retrieved Components . | . . . . Parts Scanalyzed . | . . . . Part Schematics Acquired . | . . . . Parts Damaged . | . . . . Bothacking | -11 -10 -10 -10 ------------ Run | Scr Mat Min Exi Used RIF Installer . | . . . . Robots Hacked . | . . . . Non-combat . | . . . . Combat . | . . . . Robot Hacks Applied . | . . . . Relay Couplers Released . | . . . . Robots Rewired . | . . . . Allies Hacked . | . . . . Hacks Repelled . | . . . . Allies | -11 -10 -10 -10 -------- Run | Scr Mat Min Exi Total Allies . | . . . . Largest Group . | . . . . Highest-Rated Group . | . . . . Highest-Rated Ally . | . . . . Total Orders 1 | . . . 1 EXPLORE 1 | . . . 1 Ally Attacks . | . . . . Total Damage . | . . . . Kills . | . . . . Allies Corrupted . | . . . . Allies Melted . | . . . . Intel | -11 -10 -10 -10 ------- Run | Scr Mat Min Exi Robot Analysis Total . | . . . . Derelict Logs Recovered 1 | . . 1 . Drone Launches 1 | . . . 1 Drone Recoveries 1 | . . . 1 Exploration | -11 -10 -10 -10 ------------- Run | Scr Mat Min Exi Turns Passed 1654 | 40 420 544 650 Spaces Moved 1457 | 42 309 523 583 Core 12 | 12 . . . Treads . | . . . . Legs . | . . . . Wheels 1445 | 30 309 523 583 Hover . | . . . . Flight . | . . . . Fastest Speed 50 | 50 80 80 80 Average Speed 79 | 77 80 80 80 Slowest Speed 100 | 100 80 80 80 Overloaded Moves . | . . . . Propulsion Burnouts . | . . . . Robots Hopped . | . . . . Cave-ins Triggered . | . . . . Exploration Rate (%) 56 | 4 45 96 81 Regions Visited 3 Branch Regions 2 Pre-discovered Areas . | . . . . Known Exits Taken 1 | . 1 . . Unknown Exits Taken 2 | 1 . 1 . Scrap Searched 1 | . . 1 . Spaces Dug . | . . . . Terrain Destroyed 22 | . . . 22 Melee . | . . . . Projectile 22 | . . . 22 AOE . | . . . . Terrain Rammed . | . . . . Walls Destroyed . | . . . . Machines Disabled . | . . . . Actions | -11 -10 -10 -10 --------- Run | Scr Mat Min Exi Total 1788 | 46 421 606 715 Wait 130 | . 47 38 45 Move 1454 | 41 308 522 583 Hop . | . . . . Pick Up 7 | . 3 3 1 Fast Attach 13 | 5 1 3 4 Attach . | . . . . Detach . | . . . . Swap 2 | . 2 . . Drop 15 | . 4 4 7 Fire 101 | . 33 22 46 Melee . | . . . . Ram . | . . . . Kick . | . . . . Crush . | . . . . Escape Stasis . | . . . . Rewire 1 | . . 1 . Trap . | . . . . Miscellaneous 65 | . 23 13 29 Route ------- -11/Scrapyard -10/Materials (discovered 3 exits: [*Mat x2] / *Min) -10/Mines (discovered 3 exits: [*Mat x2] / *Exi) -10/Exiles (discovered 1 exit: [*Min]) History --------- Turn | Location | Event 1 | -11/Scrapyard | Upgraded with Propulsion slot (x1) 1 | -11/Scrapyard | Upgraded with Utility slot (x1) 1 | -11/Scrapyard | Upgraded with Weapon slot (x1) 9 | -11/Scrapyard | Discovered new exit (range 15) 41 | -11/Scrapyard | Entered Materials 155 | -10/Materials | Discovered new exit (range 14) 242 | -10/Materials | Discovered new exit (range 16) 305 | -10/Materials | Identified exit to Mines 315 | -10/Materials | Build established: Mutant 351 | -10/Materials | Reached level 2 382 | -10/Materials | Discovered new exit (range 10) 389 | -10/Materials | Central database locked down 461 | -10/Materials | Entered Mines 537 | -10/Mines | Discovered new exit (range 7) 588 | -10/Mines | Learned 4 Materials zone layouts 596 | -10/Mines | Joined a pair of Derelicts in attacking an 0b10 outpost 655 | -10/Mines | Deemed a non-threat by the Exiles lab entrance 655 | -10/Mines | Discovered new exit (range 5) 694 | -10/Mines | Discovered new exit (range 10) 756 | -10/Mines | Assembled infested the area 778 | -10/Mines | Met 8R-AWN 1005 | -10/Mines | Entered Exiles 1007 | -10/Exiles | Reached level 3 1026 | -10/Exiles | Welcomed by 8R-AWN 1038 | -10/Exiles | Met EX-HEX 1063 | -10/Exiles | Met EX-BIN 1076 | -10/Exiles | Aligned with FarCom system 1077 | -10/Exiles | Given EX-Vault access code 1097 | -10/Exiles | Opened EX-Vault 1105 | -10/Exiles | Found AWS/Gauss 1123 | -10/Exiles | Warned to stay clear of 0b10 Research branches 1157 | -10/Exiles | Learned about 8R-AWN's background 1158 | -10/Exiles | Upgraded with Weapon slot (x1) 1276 | -10/Exiles | Attacked by the Exiles 1317 | -10/Exiles | Destroyed 7 combat bots 1353 | -10/Exiles | Core integrity fell below 50% 1420 | -10/Exiles | Core integrity fell below 20% 1425 | -10/Exiles | Destroyed 8R-AWN 1500 | -10/Exiles | Found Supersonic Drone Bay 1555 | -10/Exiles | Discovered new exit (range 62) 1655 | -10/Exiles | Destroyed by EX-DEC with AWS/EX-DEC Last Messages --------------- 01535_ Dropped Protomatter-57. 01542_ Used Protomatter to restore core integrity (+171, depleted) 01543_ Dropped Protomatter-67. 01552_ Used Protomatter to restore core integrity (+201, depleted) 01554_ Trailblazer released from Supersonic Drone Bay. 01555_ EXIT=FOUND 01557_ Machine disabled. 01557_ Trailblazer retrieved by Supersonic Drone Bay. 01590_ Knocked back. 01610_ EX-BIN: "I just want to science!" 01633_ Upgraded: Core Integrity (+300) 01637_ 1Q-147(z) destroyed. 01637_ Acquired 21 matter. 01637_ Destroyed EX Chip 1. 01639_ Wheel destroyed. 01649_ Destroyed EX Chip 1. 01651_ Machine disabled. 01652_ Destroyed EX Chip 2. 01655_ Lgt. Deuterium Engine destroyed. 01655_ Wheel destroyed. Map ----- +----------------------------------------------------+ | ??????????????????????#" | | ??????????????????????#"""" "## ## | | ??????????????????????#"" ""#### ## | | ??????????????????????#" " ""##??# #? | | ??????????????????????#""" """#???# #? | | ??????????????????????## ""##???! " | | ???????????????????????#"" """##???#" | | ???????????????????????##""" ##????#" | | ????????????????????????##"""" ##?????#!!""! | | ??????????????????????????## #??????###### | | ???????????????????????????##### ##???????????? | | ???????????????????????????????## #????????????? | | ????????????????????????????????# #????????????? | | ????????????????????????????????# #????????????? | | ????????????????????????????????# #????????????? | | ????????????????????????#???????# #????????????? | | ?????????????????????#"""""?????# #????????????? | | ?????????????????????#""""""????# #????????????? | | ?????????????????????#" """"???# #????????????? | | ?????????????????????#"" ""????# #????????????? | | ??????????????????????"" "????# #????????????? | | ???????????????????#####"""###### ######???????? | | ????????????????"""""""" """""" """""""#?????? | | ???????????" """"""" z "#"????? | | ?????????? z c z " ??? | | ?????????? =@ c " "??? | | ?????????? z " ???? | | ?????????? "" #""???? | | ??????????? " """"" """" """""#?????? | | ???????????#?"""###""###"""########"""######?????? | | ??????????????????#"??"" "??????? ""?????????? | | ??????????????????#???""" "??????? """?????????? | | ?????????????????????#" " "??????"""""?????????? | | ??????????????????????""""""??????? """??????????? | | ??????????????????????"""""""????????????????????? | | ????????????????????????##?#?????????????????????? | | ?????????????????????????????????????????????????? | | ?????????????????????????????????????????????????? | | ?????????????????????????????????????????????????? | | ?????????????????????????????????????????????????? | | | | | | | | | | | | | | | | | | | | | +----------------------------------------------------+ Best States ------------- Heat Dissipation 31 Energy Generation 14 Energy Capacity 140 Matter Stores 400 Matter Capacity 400 Sight Range 16 Terrain Scan Density 10 Resistance: KI 10 Resistance: TH 5 Evasion (%) 44 Targeting Accuracy 10 Item Schematics ----------------- None Robot Schematics ------------------ None Fabricated ------------ Nothing Alien Tech Used ----------------- None Achievements -------------- None Challenges ------------ None RPGLIKE | -11 -10 -10 -10 --------- Run | Scr Mat Min Exi Levels Raised 2 | . 1 . 1 XP Earned 6170 | 3000 1620 1200 350 XP Spent 4630 | 2875 . 535 1220 Upgrades 19 | 10 . 2 7 Propulsion Slot 1 | 1 . . . Utility Slot 1 | 1 . . . Weapon Slot 2 | 1 . . 1 Core Integrity 8 | 1 . 1 6 Heat Dissipation 1 | 1 . . . Inventory Capacity 2 | 1 . 1 . Ranged Accuracy 1 | 1 . . . KI Resistance % 2 | 2 . . . TH Resistance % 1 | 1 . . . Protomatter Created 425 | . 263 47 115 Integrity Restored 1324 | . 427 258 639 Core 1165 | . 342 184 639 Parts 159 | . 85 74 . Protomatter Decayed 181 | . 75 91 15 Game ------ Seed SpectralHeartDoomcannon Manual? 0 Play Time 00:17:58 Cumulative 429.6 hours Start 2021.06.20 @ 13:48:50 End 2021.06.20 @ 14:06:16 Sessions 1 Manual Loads 0 Difficulty Rogue Special Mode Winter2019/RPGLIKE Game No. 163 Rogue 163 Adventurer 0 Explorer 0 Win Type - Total 31 Types 24/1/5/1/0/0/0/0/0 Lore% 84 Gallery% 91 Achievement% 78 Wizard Run 0 Options --------- ASCII 0 Keyboard 0 Movement Mouse Keybinds 0 Fullscreen 2 Font 12/Smallcaps Map View 83x54 Tactical HUD 1 Map Filters NONE Filters NONE Steam X RUN: cd4b92cb-0bb9-41c5-8ab3-fbb0afdbc99c